 Dungeon Crawl Stone Soup version 0.29.1-1-gd02db6906a (webtiles) character file.

Game seed: 7648899361455074779

139371 Sanktem7 the Slayer (level 16, -1/166 (172) HPs)
             Began as a Minotaur Fighter on Oct 1, 2022.
             Was the Champion of Ru.
             Killed from afar by a ghostly deep elf annihilator (38 damage)
             ... with a poison arrow
             ... on level 3 of the Elven Halls.
             The game lasted 01:28:29 (25343 turns).

Sanktem7 the Slayer (Minotaur Fighter)             Turns: 25343, Time: 01:28:30

HP:   -1/166 (172)  AC: 42    Str: 23    XL:     16   Next: 73%
MP:   15/15         EV:  4    Int:  6    God:    Ru [******]
Gold: 2712          SH: 20    Dex: 20    Spells: 15/15 levels left

rFire   x . .      SeeInvis +   X - +11 flail of Qazlal's Anger {vamp, rN++ Str-3 Int+2 Dex+4, mace}
rCold   x . .      Faith    .   s - +1 tower shield
rNeg    + + .      Spirit   .   e - +14 crystal plate armour "Bacabunn" {-Tele Slay+4 SInv, rare=g}
rPois   .          Reflect  +   (helmet restricted)
rElec   .          Harm     .   u - +2 cloak
rCorr   +          Rampage  .   j - +2 pair of gloves
Will    .....      NoTele   +   C - +2 pair of boots
Stlth   ..........              y - amulet of reflection
HPRegen 0.37/turn               D - +4 ring of evasion
MPRegen 0.14/turn               o - ring of resist corrosion

@: lethally poisoned (-1 -> -19), lightly drained, invisible (expiring)
A: horns 2, no stealth, inability to train dodging, no earth magic, no
necromancy magic, no transmutations magic, weak-willed 1, temperature sensitive,
retaliatory headbutt, talons 1, agile 1, sense surroundings 1
a: Renounce Religion, Draw Out Power, Power Leap, Apocalypse


You were on level 3 of the Elven Halls.
You worshipped Ru.
Ru was exalted by your worship.
You visited 5 branches of the dungeon, and saw 24 of its levels.
You also visited: Sewer, Ice Cave and Volcano.

You collected 3012 gold pieces.
You spent 300 gold pieces at shops.


Innate Abilities, Weirdness & Mutations

You have a pair of horns on your head.
You cannot be stealthy.
You cannot train Dodging skill.
You cannot study or cast Earth magic.
You cannot study or cast Necromancy magic.
You cannot study or cast Transmutations magic.
You are slightly weak-willed. (Will-)
You are sensitive to extremes of temperature. (rF-, rC-)
You reflexively headbutt those who attack you in melee.
You have sharp toenails.
You are agile. (Dex +4, Str/Int -1)
You passively map a small area around you.


   Skills:
 * Level 23.4 Fighting
 - Level 18.7(20.7) Axes
 * Level 15.2(19.0) Maces & Flails
 - Level 9.0 Ranged Weapons
 - Level 7.2 Throwing
 + Level 7.1 Armour
 - Level 3.6 Shields


You had 15 spell levels left.
You didn't know any spells.
Your spell library contained the following spells:

 Spells                   Type           Power      Damage    Failure   Level
 Magic Dart               Conj           0%         1d3       100%        1
 Shock                    Conj/Air       0%         1d3       100%        1
 Blink                    Tloc           0%         N/A       100%        2
 Ensorcelled Hibernation  Hex/Ice        0%         N/A       100%        2
 Searing Ray              Conj           0%         2d4       100%        2
 Ozocubu's Armour         Ice            0%         N/A       100%        3
 Swiftness                Air            0%         N/A       100%        3
 Airstrike                Air            0%         2d(0-16)  100%        4
 Fulminant Prism          Conj/Hex       0%         3d6       100%        4
 Hailstorm                Conj/Ice       0%         3d3       100%        4
 Fireball                 Conj/Fire      0%         3d3       100%        5
 Iskenderun's Battlesphe  Conj           0%         2d6       100%        5
 Manifold Assault         Tloc           0%         N/A       100%        5
 Conjure Ball Lightning   Conj/Air       0%         3x3d6     100%        6
 Monstrous Menagerie      Summ           0%         N/A       100%        7
 Orb of Destruction       Conj           0%         9d5       100%        7
 Ozocubu's Refrigeration  Ice            0%         4d7       100%        7
 Sublimation of Blood     Necr           Unusable   N/A       N/A         2
 Spider Form              Tmut/Pois      Unusable   N/A       N/A         3
 Anguish                  Hex/Necr       Unusable   N/A       N/A         4
 Animate Armour           Summ/Erth      Unusable   N/A       N/A         4
 Ice Form                 Ice/Tmut       Unusable   N/A       N/A         4
 Petrify                  Tmut/Erth      Unusable   N/A       N/A         4
 Blade Hands              Tmut           Unusable   N/A       N/A         5
 Irradiate                Conj/Tmut      Unusable   3d11      N/A         5
 Iron Shot                Conj/Erth      Unusable   9d1       N/A         6
 Simulacrum               Ice/Necr       Unusable   N/A       N/A         6
 Haunt                    Necr/Summ      Unusable   N/A       N/A         7
 Storm Form               Tmut/Air       Unusable   N/A       N/A         7

Inventory:

Hand Weapons
 I - the +10 dark maul {vorpal}
   (You took it off a two-headed ogre on level 2 of the Orcish Mines)

   It inflicts extra damage upon your enemies.
 R - a +3 hand crossbow of freezing {crossbow}
   (You found it in an ice cave)
 X - the +11 flail of Qazlal's Anger (weapon) {vamp, rN++ Str-3 Int+2 Dex+4, mace}
   (You found it on level 12 of the Dungeon)

   It occasionally heals its wielder for a portion of the damage dealt when it
   wounds a living foe.
   Str:       It affects your strength (-3).
   Int:       It affects your intelligence (+2).
   Dex:       It affects your dexterity (+4).
   rN:        It greatly protects you from negative energy.
Missiles
 a - 5 boomerangs (quivered) {throwing}
 i - 4 curare-tipped darts {=fthrowing}
 l - 6 stones {throwing}
 N - 4 poisoned darts {throwing}
Armour
 e - the +14 crystal plate armour "Bacabunn" (worn) {-Tele Slay+4 SInv, rare=g}
   (You acquired it on level 8 of the Dungeon)

   Slay:      It affects your accuracy & damage with ranged weapons and melee
   (+4).
   SInv:      It lets you see invisible.
   -Tele:     It prevents most forms of teleportation.
 j - a +2 pair of gloves (worn)
   (You found it on level 11 of the Dungeon)
 s - a +1 tower shield (worn)
   (You found it on level 1 of the Elven Halls)
 u - a +2 cloak (worn)
   (You took it off Crazy Yiuf on level 2 of the Dungeon)
 C - a +2 pair of boots (worn)
   (You found it in an ice cave)
 F - a +2 plate armour of cold resistance
   (You found it in an ice cave)
Jewellery
 c - a ring of see invisible
   (You found it on level 1 of the Lair of Beasts)
 o - a ring of resist corrosion (right hand)
   (You took it off a kobold on level 2 of the Dungeon)
 p - a ring of positive energy
   (You found it on level 5 of the Dungeon)
 t - a +6 ring of intelligence
   (You found it on level 3 of the Elven Halls)
 y - an amulet of reflection (around neck)
   (You found it on level 3 of the Dungeon)
 D - a +4 ring of evasion (left hand)
   (You found it on level 10 of the Dungeon)
Wands
 b - a wand of charming (13)
   (You found it on level 2 of the Lair of Beasts)
 B - a wand of polymorph (9)
   (You found it on level 5 of the Lair of Beasts)
 L - a wand of flame (22)
   (You took it off a centaur on level 11 of the Dungeon)
 O - a wand of roots (8)
   (You found it on level 8 of the Dungeon)
 T - a wand of acid (7)
   (You found it on level 11 of the Dungeon)
Scrolls
 g - 5 scrolls of poison {!r}
 k - 3 scrolls of summoning
 A - 5 scrolls of butterflies
 G - 5 scrolls of teleportation {@r4}
 H - 4 scrolls of fear
 M - 2 scrolls of blinking {!r}
 Q - 3 scrolls of brand weapon
 S - a scroll of immolation {!r!r}
 V - 4 scrolls of vulnerability {!r!r}
 Z - 3 scrolls of identify {@r1}
Potions
 d - 6 potions of might
 f - 14 potions of curing {@q1}
 h - a potion of ambrosia
 m - 6 potions of berserk rage {!q}
 n - 2 potions of invisibility
 q - 6 potions of brilliance
 r - 3 potions of lignification {!q}
 v - 4 potions of attraction {!q}
 w - a potion of heal wounds {@q2}
 z - 3 potions of haste {@q3}
 E - 3 potions of flight
 P - a potion of degeneration {!q@e2}
 U - 3 potions of resistance
 W - a potion of cancellation

Dungeon Overview and Level Annotations

Branches:
Dungeon (13/15) Zot: 26880  Temple (1/1) D:5 Zot: 5789    Lair (5/5) D:11 Zot: 24719
  Swamp (0/4) Lair:2        Snake (0/4) Lair:3        Slime (0/5) Lair:4
    Orc (2/2) D:12 Zot: 10164     Elf (3/3) Orc:2 Zot: 12620   Sewer (visited)
  IceCv (visited)         Volcano (visited)
 Vaults: D:13-14

Altars:
Ashenzari
Cheibriados
Dithmenos
Elyvilon
Fedhas
Gozag
Hepliaklqana
Kikubaaqudgha
Makhleb
Nemelex Xobeh
Okawaru
Qazlal
Ru
Sif Muna
Trog
Uskayaw
Vehumet
Wu Jian
Xom
Yredelemnul
Zin
The Shining One
Jiyva

Shops:
Orc:2 *(?!   Elf:1 (

Portals:
Abyss: D:5

Annotations:
D:5 2 transporters, SSird's ghost, novice FoFi
D:8 6 runed translucent doors, juncz's ghost, novice GnIE; vvl's ghost, novice DsFi
Elf:2 3 runed translucent doors, tizbic2's ghost, adept GrFi

# #...##....### ##.).#...##..
#...##.##... ##...###....
##.......## #### #...8...#
###########..# #.......##
)........e..e###########.8...8.##
###########..ยงee@......#.......#+
##.#########.#...8...## *
###'###### ###.......## *
#........####....###...# ,
#.........#.....## ##... ,
#.........'.8..## #... ,, ,
#.........#..##### ##.. ,
*#.........##'#...#####.. ,
*#.............)...'..##.


You could see a deep elf annihilator, a ghostly deep elf annihilator, a deep elf
death mage and a ghostly deep elf death mage.


Message History

The bolt of negative energy hits the deep elf annihilator!!!
The deep elf annihilator is drained!
The deep elf annihilator dies!
The bolt of negative energy misses you.
The Tzitzimitl begins to attack, but is stunned by your conviction!
You feel much better.
You redirect the ghostly deep elf death mage's attack! ๐Ÿ˜ฑ HP[+29]
You regained 29 hp, and now have 33/167 hp.
You feel much better.
The ghostly deep elf death mage shouts!
You hear a shout!
You redirect the ghostly deep elf death mage's attack! ๐Ÿ˜จ HP[+22]
You regained 22 hp, and now have 55/167 hp.
The deep elf annihilator gestures wildly while chanting.
The deep elf annihilator blinks!
The deep elf death mage begins to cast a spell, but is stunned by your conviction!
The deep elf death mage begins to cast a spell, but is stunned by your conviction!
The deep elf death mage points at you and mumbles some strange words.
The bolt of negative energy hits you. You partially resist.
You feel drained.
* * * LOW HITPOINT WARNING * * *
๐Ÿ˜จ HP[-4]
You now have 164 max hp (-3).
You take 4 damage, and now have 51/164 hp.
The deep elf annihilator casts a spell.
The deep elf annihilator blinks!
The deep elf death mage beckons forth a restless soul!
The ghostly deep elf death mage is no longer blind.
The deep elf death mage begins to cast a spell, but is stunned by your conviction! ๐Ÿ˜จ HP[+1]
You redirect the ghostly deep elf death mage's attack!
The deep elf death mage beckons forth a restless soul!
Items here: ) [[ โ€ .
The deep elf annihilator begins to cast a spell, but is stunned by your conviction! ๐Ÿ˜จ HP[+1]
The deep elf annihilator begins to cast a spell, but is stunned by your conviction! ๐Ÿ˜จ HP[+1] ๐Ÿ˜จ HP[+1] ๐Ÿ˜จ HP[+1] ๐Ÿ˜จ HP[+1] ๐Ÿ˜จ HP[+1] ๐Ÿ˜จ HP[+1]
You strike the helpless ghostly deep elf blademaster from behind!
You bludgeon the ghostly deep elf blademaster!!
Your headbutt misses the ghostly deep elf blademaster.
The lost soul fades away!
You block the ghostly deep elf blademaster's attack. x2
The ghostly deep elf blademaster hits you but does no damage. x2
You strike the helpless ghostly deep elf blademaster from behind!
You bludgeon the ghostly deep elf blademaster!!
The lost soul fades away!
You block the ghostly deep elf blademaster's attack.
The ghostly deep elf blademaster hits you but does no damage. ๐Ÿ˜จ HP[+1]
You hit the ghostly deep elf blademaster.
Your headbutt misses the ghostly deep elf blademaster.
The ghostly deep elf blademaster completely misses you.
You furiously retaliate!
You headbutt the ghostly deep elf blademaster.
The ghostly deep elf blademaster hits you but does no damage.
You redirect the deep elf annihilator's attack!
You block the ghostly deep elf blademaster's attack.
The ghostly deep elf blademaster hits you but does no damage.
You strike the helpless ghostly deep elf blademaster from behind!
You pound the ghostly deep elf blademaster like an anvil!!!
You destroy the ghostly deep elf blademaster!
You redirect the deep elf death mage's attack! ๐Ÿ˜จ HP[+1]
You now have 166 max hp (+2).
You redirect the deep elf annihilator's attack!
Things that are here:
a +0 rapier {short}; a +0 rapier {short}; a +0 leather armour You hit the deep elf annihilator.
You feel better.
The deep elf annihilator mumbles some strange words.
The deep elf annihilator blinks!
The deep elf annihilator casts a spell at you.
The iron shot hits you!!!
* * * LOW HITPOINT WARNING * * *
๐Ÿ˜ฑ HP[-37]
You take 37 damage, and now have 24/166 hp.
MASSIVE DAMAGE!! (PAUSE)
You bludgeon the deep elf annihilator!!
You feel better.
The deep elf death mage beckons forth a restless soul!
The deep elf annihilator points at you and mumbles some strange words.
The bolt of lightning hits you!
* * * LOW HITPOINT WARNING * * *
You focus your inner power and illuminate the deep elf annihilator in retribution! ๐Ÿ˜ฑ HP[+13]
You regained 13 hp, and now have 37/166 hp.
You thump the deep elf annihilator!
The deep elf annihilator stops glowing.
The lost soul assumes the form of the deep elf annihilator and becomes anchored to this world!
You headbutt the ghostly deep elf annihilator!
You flicker for a moment.
The deep elf annihilator casts a spell.
The deep elf annihilator blinks!
The ghostly deep elf annihilator casts a spell at you.
The poison arrow hits you!!!
You are poisoned.
You die...

Skill      XL: |  1  2  3  4  5  6  7  8  9 10 11 12 13 14 15 16 |
---------------+-------------------------------------------------+-----
Fighting       | 4 5 6 7 9 10 12 14 16 17 19 20 22 23 | 23.4
Axes           | 3 4 5 6 8 10 12 14 15 17 18 | 18.7
Throwing       | 2 4 6 7 |  7.2
Ranged Weapons | 4 7 9 |  9.0
Maces & Flails | 4 9 13 15 | 15.2
Armour         | 4 7 |  7.1
Shields        | |  3.6

Action                   |  1- 3 |  4- 6 |  7- 9 | 10-12 | 13-15 | 16-18 || total
-------------------------+-------+-------+-------+-------+-------+-------++-------
Melee: War axe           |    68 |    93 |   287 |   471 |   133 |       ||  1052
       Headbutt          |    10 |    13 |    42 |   108 |   245 |    43 ||   461
       Flail             |       |       |       |       |   856 |   217 ||  1073
       Shillelagh        |       |       |       |       |    10 |       ||    10
Throw: Stone             |       |       |       |       |     3 |       ||     3
       Dart              |       |       |       |       |     1 |       ||     1
       Boomerang         |       |       |       |       |     7 |    23 ||    30
Invok: Sacrifice Resista |       |       |     1 |       |       |       ||     1
       Sacrifice Arcana  |       |       |       |     1 |       |       ||     1
       Sacrifice Nimblen |       |       |       |     1 |       |       ||     1
       Sacrifice Essence |       |       |       |       |     1 |       ||     1
       Sacrifice Stealth |       |       |       |       |     1 |       ||     1
  Use: Scroll            |       |    10 |     7 |     9 |     9 |     1 ||    36
       Potion            |       |       |       |     4 |     3 |     8 ||    15
 Stab: Distracted        |       |       |     1 |     1 |     3 |     5 ||    10
       Paralysed         |       |       |       |       |     7 |       ||     7
       Invisible         |       |       |       |       |     7 |     3 ||    10
       Petrified         |       |       |       |       |     2 |       ||     2
Armor: Scale mail        |    16 |       |       |       |       |       ||    16
       Chain mail        |    22 |    49 |    76 |       |       |       ||   147
       Plate armour      |       |       |    29 |       |       |       ||    29
       Crystal plate arm |       |       |     8 |   242 |   607 |   163 ||  1020
Dodge: Dodged            |    26 |    26 |    42 |    69 |   176 |    41 ||   380
Block: Buckler           |     9 |       |       |       |       |       ||     9
       Kite shield       |     1 |    49 |   199 |   282 |   604 |       ||  1135
       Reflection        |       |       |     7 |     4 |    13 |    28 ||    52
       Tower shield      |       |       |       |       |    49 |   225 ||   274

Levels and vault maps discovered:
D:1:      psy_arrival_basics, layout_rooms
D:2:      cheibrodos_old_hovel, layout_loops_ring, st_stairs_5,
          uniq_crazy_yiuf_cottage
D:3:      layout_loops_corners, portal_sewer_entry_c, nrook_campfire,
          kennysheep_cluttered_room, uniq_sigmund
D:4:      layout_gridville, mainiacjoe_overflow_six_doors_small, grunt_decor_cap
D:5:      layout_basic, mainiacjoe_overflow_concentric_impassable,
          nicolae_uskayaw_murder_on_the_dancefloor, temple_fountains,
          gammafunk_ghost_abyssal_escape, nrook_loot_triangle, corexii_shack,
          uniq_pikel
D:6:      layout_loops_corners, elyvilon_altar_1, lemuel_crystal_altar,
          minmay_misc_feat_tiny, hex_medium
D:7:      layout_loops_ring, lightli_minifort
D:8:      layout_cave_pools, nicolae_yredelemnul_ghost_church,
          gammafunk_ghost_hydra_chop, minmay_puff
D:9:      layout_loops_ring, overflow_temple_1_default,
          hellmonk_guarded_unrand_staff_of_battle
D:10:     layout_roguey, nicolae_kite_square_tiling_tiny, kennysheep_diamond,
          uniq_grum, uniq_amaemon
D:11:     layout_loops_ring, erik_lair_orcish_takeover, gauntlet_entry_generic,
          uniq_josephine
D:12:     layout_rooms, david_orc_2, portal_ice_cave_rime, minivault_8
D:13:     layout_irregular_city, erik_vaults_1, serial_glass, glass_columns_c,
          glass_columns_a, zin_angel
Temple:   hellmonk_temple_divided_pantheon
Lair:1:   layout_misc_corridors, grunt_megastairs_3
Lair:2:   layout_gridlike, palyth_hydra_swamp_entry, st_stairs_6
Lair:3:   layout_gridlike, dummy_snake_entry, gammafunk_lair_bear_cave,
          grunt_megastairs_1
Lair:4:   layout_long_grid, slime_entry_1, nicolae_volcano_entry_s_turn,
          nicolae_lair_lindhole, infiniplex_staircase_pool_2
Lair:5:   gammafunk_lair_ancient_temple, layout_regular_city
Orc:1:    layout_caves, ebering_ghost_xom, basic_altar, uniq_sonja
Orc:2:    st_orc_town, layout_caves, hellmonk_guarded_unrand_dark_maul,
          uniq_urug, uniq_jorgrun
Elf:1:    eino_elf_arrival_shootout, layout_geoelf_octagon,
          portal_desolation_entry_garden, hangedman_elven_crosses_minicolossus,
          nicolae_elf_glassroom_feature
Elf:2:    nicolae_elf_blades_crystal_corner, layout_geoelf_diagonals,
          gammafunk_ghost_ooze
Elf:3:    minmay_elf_hall_hex, layout_gridlike, grunt_megastairs_4

Notes
Turn   | Place    | Note
-------+----------+-------------------------------------------
     0 | D:1      | Sanktem7 the Minotaur Fighter began the quest for the Orb.
     0 | D:1      | Reached XP level 1. HP: 19/19 MP: 0/0
     0 | D:1      | magus.rc [v1.9.6]
    65 | D:1      | Reached skill level 4 in Fighting
    65 | D:1      | Reached XP level 2. HP: 27/27 MP: 1/1
    89 | D:1      | Reached skill level 3 in Axes
   671 | D:2      | Reached XP level 3. HP: 34/34 MP: 2/2
   695 | D:2      | Identified the +5 spear "Bistinel" {drain, rElec}
   898 | D:2      | You pick up a book of Iron and begin reading...
   898 | D:2      | You add the spells Animate Armour, Blade Hands and Iron
                  | Shot to your library.
  1300 | D:2      | Found a runed translucent door.
  1301 | D:2      | Noticed Crazy Yiuf
  1308 | D:2      | Killed Crazy Yiuf
  1309 | D:2      | Reached skill level 5 in Fighting
  1309 | D:2      | Reached skill level 4 in Axes
  1309 | D:2      | Reached XP level 4. HP: 23/42 MP: 3/3
  1538 | D:3      | Noticed Sigmund
  1549 | D:3      | Killed Sigmund
  1550 | D:3      | Reached skill level 6 in Fighting
  1550 | D:3      | Reached skill level 5 in Axes
  1550 | D:3      | Reached XP level 5. HP: 46/50 MP: 4/4
  1592 | D:3      | Found a glowing drain.
  1614 | Sewer    | Entered a sewer
  1698 | Sewer    | Noticed a water moccasin
  1707 | Sewer    | Killed a water moccasin
  1708 | Sewer    | Reached skill level 6 in Axes
  1708 | Sewer    | Reached XP level 6. HP: 49/58 MP: 5/5
  1760 | Sewer    | You pick up a book of the Spheres and begin reading...
  1760 | Sewer    | You add the spells Iskenderun's Battlesphere, Fireball,
                  | Conjure Ball Lightning and Orb of Destruction to your
                  | library.
  3028 | D:4      | Reached skill level 7 in Fighting
  3317 | D:4      | Found a shimmering blue altar of Sif Muna.
  3656 | D:5      | Entered Level 5 of the Dungeon
  3690 | D:5      | Reached XP level 7. HP: 66/66 MP: 6/6
  3696 | D:5      | Reached skill level 7 in Axes
  3732 | D:5      | Found a staircase to the Ecumenical Temple.
  3742 | D:5      | Noticed Pikel
  3746 | D:5      | Reached skill level 8 in Fighting
  3765 | Temple   | Entered the Ecumenical Temple
  3765 | Temple   | Found a transporter.
  3765 | Temple   | Found a transporter.
  3767 | Temple   | Found a transporter.
  3767 | Temple   | Found a transporter.
  3955 | Temple   | Became a worshipper of Ru the Awakened
  3998 | D:5      | Found an iron altar of Okawaru.
  4016 | D:5      | Killed Pikel
  4017 | D:5      | Reached skill level 9 in Fighting
  4017 | D:5      | Reached skill level 8 in Axes
  4017 | D:5      | Reached XP level 8. HP: 53/78 MP: 7/7
  4131 | D:5      | Found a transporter.
  4134 | D:5      | Noticed SSird's ghost (novice FoFi)
  4142 | D:5      | Reached skill level 9 in Axes
  4286 | D:5      | Found a transporter.
  4292 | D:5      | Found a one-way gate to the infinite horrors of the Abyss.
  4469 | D:5      | Found a hide-covered altar of Uskayaw.
  4855 | D:6      | Reached skill level 10 in Fighting
  5050 | D:6      | Found a hazy altar of Hepliaklqana.
  5110 | D:6      | Reached skill level 10 in Axes
  5138 | D:6      | Reached XP level 9. HP: 83/86 MP: 8/8
  5457 | D:6      | Gained mutation: You are sensitive to extremes of
                  | temperature. (rF-, rC-) [Ru sacrifice]
  5457 | D:6      | Reached * piety under Ru
  5457 | D:6      | Reached ** piety under Ru
  5614 | D:6      | Found a white marble altar of Elyvilon.
  5885 | D:6      | You fall into a shaft and drop 2 floors!
  5890 | D:8      | You pick up a book of Conjurations {@e2} and begin
                  | reading...
  5890 | D:8      | You add the spells Magic Dart, Searing Ray and Fulminant
                  | Prism to your library.
  5912 | D:8      | Reached skill level 11 in Fighting
  6032 | D:8      | Reached skill level 11 in Axes
  6491 | D:8      | Found a runed translucent gate.
  6491 | D:8      | Found a runed translucent gate.
  6492 | D:8      | Found a runed translucent gate.
  6492 | D:8      | Noticed an 11-headed hydra
  6492 | D:8      | Noticed a ten-headed hydra
  6493 | D:8      | Noticed vvl's ghost (novice DsFi)
  6543 | D:8      | Found a runed translucent gate.
  6543 | D:8      | Found a runed translucent gate.
  6543 | D:8      | Found a runed translucent gate.
  6543 | D:8      | Noticed juncz's ghost (novice GnIE)
  6545 | D:8      | Found a basalt altar of Yredelemnul.
  6943 | D:7      | Reached skill level 12 in Fighting
  7223 | D:7      | Reached skill level 12 in Axes
  7257 | D:7      | You pick up a book of Air and begin reading...
  7257 | D:7      | You add the spells Shock, Swiftness and Airstrike to your
                  | library.
  7511 | D:7      | You pick up a book of Dreams and begin reading...
  7511 | D:7      | You add the spells Ensorcelled Hibernation, Spider Form and
                  | Anguish to your library.
  8279 | D:8      | Identified a scroll of acquirement
  8282 | D:8      | Acquired the +14 crystal plate armour "Bacabunn" {-Tele
                  | Slay+4 SInv}
  8283 | D:8      | e - the +14 crystal plate armour "Bacabunn" {-Tele Slay+4
                  | SInv, rare=g}
  8294 | D:8      | You finish putting on the +14 crystal plate armour
                  | "Bacabunn" {-Tele Slay+4 SInv, rare=g}.
  8442 | D:9      | Reached XP level 10. HP: 100/100 MP: 9/9
  8476 | D:9      | Gained mutation: You cannot study or cast Earth magic. [Ru
                  | sacrifice]
  8476 | D:9      | Gained mutation: You cannot study or cast Transmutations
                  | magic. [Ru sacrifice]
  8476 | D:9      | Gained mutation: You cannot study or cast Necromancy magic.
                  | [Ru sacrifice]
  8476 | D:9      | Reached *** piety under Ru
  8554 | D:9      | Found an opulent altar of Gozag.
  8585 | D:9      | Reached skill level 13 in Fighting
  8659 | D:9      | Reached skill level 13 in Axes
  8722 | D:9      | Found the +0 staff of Battle
  8884 | D:9      | Noticed a two-headed ogre
  8890 | D:9      | Killed a two-headed ogre
  8973 | D:9      | You pick up a book of Alchemy and begin reading...
  9220 | D:10     | Entered Level 10 of the Dungeon
  9227 | D:9      | Reached skill level 14 in Fighting
  9237 | D:9      | Reached skill level 1 in Throwing
  9240 | D:9      | Reached skill level 14 in Axes
  9546 | D:10     | Reached skill level 2 in Throwing
  9546 | D:10     | Reached XP level 11. HP: 111/111 MP: 10/10
  9549 | D:10     | Noticed Amaemon
  9580 | D:10     | Killed Amaemon
  9761 | D:10     | Found a glowing silver altar of Zin.
  9786 | D:10     | Noticed Grum
  9791 | D:10     | Reached skill level 3 in Throwing
  9798 | D:10     | Killed Grum
  9895 | D:11     | Reached skill level 15 in Fighting
  9895 | D:11     | Noticed Josephine
  9903 | D:11     | Killed Josephine
  9904 | D:11     | Reached skill level 15 in Axes
  9929 | D:11     | Noticed a skeletal warrior
  9929 | D:11     | Noticed a skeletal warrior
  9929 | D:11     | Noticed a skeletal warrior
  9929 | D:11     | Noticed a skeletal warrior
  9944 | D:11     | Killed a skeletal warrior
  9950 | D:11     | Killed a skeletal warrior
  9953 | D:11     | HP: 25/113 [skeletal warrior/+0 trident (10)]
  9954 | D:11     | HP: 7/113 [skeletal warrior/+0 trident (18)]
 10296 | D:11     | Killed a skeletal warrior
 10297 | D:11     | Reached skill level 4 in Throwing
 10303 | D:11     | Noticed a skeletal warrior
 10307 | D:11     | Killed a skeletal warrior
 10319 | D:11     | Killed a skeletal warrior
 10441 | D:11     | Found a staircase to the Lair.
 10541 | D:11     | Noticed a red ugly thing
 10551 | D:11     | Killed a red ugly thing
 10552 | D:11     | Reached skill level 16 in Fighting
 10811 | D:11     | Gained mutation: You cannot train Dodging skill. [Ru
                  | sacrifice]
 10811 | D:11     | Reached **** piety under Ru
 10936 | D:11     | Reached XP level 12. HP: 122/122 MP: 11/11
 11042 | D:11     | Found the +6 shillelagh "Devastator" {shatter}
 11065 | D:11     | You finish taking off the +14 crystal plate armour
                  | "Bacabunn" {-Tele Slay+4 SInv, rare=g}.
 11070 | D:11     | You drop the +14 crystal plate armour "Bacabunn" {-Tele
                  | Slay+4 SInv, rare=g}.
 11071 | D:11     | e - the +14 crystal plate armour "Bacabunn" {-Tele Slay+4
                  | SInv, rare=g}
 11082 | D:11     | You finish putting on the +14 crystal plate armour
                  | "Bacabunn" {-Tele Slay+4 SInv, rare=g}.
 11093 | D:11     | Gained mutation: You occasionally shout uncontrollably at
                  | your foes. [potion of mutation]
 11093 | D:11     | Gained mutation: You have large cloven feet. [potion of
                  | mutation]
 11094 | D:11     | Lost mutation: You occasionally shout uncontrollably at
                  | your foes. [potion of mutation]
 11094 | D:11     | Lost mutation: You have large cloven feet. [potion of
                  | mutation]
 11094 | D:11     | Gained mutation: A frigid envelope surrounds you and
                  | freezes all who hurt you. [potion of mutation]
 11094 | D:11     | Gained mutation: You are clumsy. (Dex -2) [potion of
                  | mutation]
 11094 | D:11     | Gained mutation: Your body sometimes deteriorates upon
                  | taking damage. [potion of mutation]
 11094 | D:11     | Gained mutation: You expend magic power (3 MP) to
                  | strengthen your wands. [potion of mutation]
 11129 | D:12     | Reached skill level 16 in Axes
 11146 | D:12     | Reached skill level 5 in Throwing
 11207 | D:12     | Noticed a boulder beetle
 11222 | D:12     | Killed a boulder beetle
 11239 | D:12     | Found a staircase to the Orcish Mines.
 11240 | D:12     | Noticed a two-headed ogre
 11261 | D:12     | Killed a two-headed ogre
 11321 | D:12     | Found a frozen archway.
 11338 | IceCv    | Entered an ice cave
 11415 | IceCv    | Noticed a death yak
 11415 | IceCv    | Noticed a death yak
 11425 | IceCv    | Killed a death yak
 11426 | IceCv    | Reached skill level 17 in Fighting
 11426 | IceCv    | Reached skill level 6 in Throwing
 11432 | IceCv    | Killed a death yak
 11453 | IceCv    | Reached skill level 17 in Axes
 11613 | IceCv    | Noticed a death yak
 11618 | IceCv    | Noticed a death yak
 11636 | IceCv    | Killed a death yak
 11639 | IceCv    | Killed a death yak
 11646 | IceCv    | Reached XP level 13. HP: 121/134 MP: 12/12
 11707 | IceCv    | Noticed a frost giant
 11727 | IceCv    | Reached skill level 7 in Throwing
 11742 | IceCv    | Killed a frost giant
 11743 | IceCv    | Reached skill level 18 in Fighting
 11764 | IceCv    | Reached skill level 18 in Axes
 11810 | IceCv    | You pick up a book of the Tundra and begin reading...
 12149 | D:12     | Identified the +11 flail of Qazlal's Anger {vamp, rN++
                  | Str-3 Int+2 Dex+4}
 12316 | Lair:1   | Entered Level 1 of the Lair of Beasts
 12349 | Lair:1   | Reached skill level 1 in Ranged Weapons
 12381 | Lair:1   | Reached skill level 2 in Ranged Weapons
 12407 | Lair:1   | You pick up a book of the Tundra and begin reading...
 12548 | Lair:1   | Reached skill level 3 in Ranged Weapons
 13236 | Lair:2   | Reached skill level 1 in Maces & Flails
 13296 | Lair:2   | Reached skill level 2 in Maces & Flails
 13332 | Lair:2   | Reached skill level 19 in Fighting
 13555 | Lair:2   | Reached skill level 3 in Maces & Flails
 13557 | Lair:2   | Reached skill level 4 in Ranged Weapons
 13658 | Lair:2   | Found a staircase to the Swamp.
 13912 | Lair:2   | Lost mutation: A frigid envelope surrounds you and freezes
                  | all who hurt you. [potion of mutation]
 13912 | Lair:2   | Lost mutation: You expend magic power (3 MP) to strengthen
                  | your wands. [potion of mutation]
 13912 | Lair:2   | Lost mutation: You are clumsy. (Dex -2) [potion of
                  | mutation]
 13912 | Lair:2   | Gained mutation: You passively map a small area around you.
                  | [potion of mutation]
 13912 | Lair:2   | Gained mutation: You are agile. (Dex +4, Str/Int -1)
                  | [potion of mutation]
 13912 | Lair:2   | Gained mutation: Your muscles are strong. (Str +4, Int/Dex
                  | -1) [potion of mutation]
 13913 | Lair:2   | Gained mutation: You are slightly weak-willed. (Will-) [Ru
                  | sacrifice]
 13913 | Lair:2   | Reached ***** piety under Ru
 14208 | Lair:3   | Found a staircase to the Snake Pit.
 14268 | Lair:3   | Reached skill level 4 in Maces & Flails
 14483 | Lair:3   | Reached XP level 14. HP: 146/146 MP: 13/13
 14576 | Lair:3   | Reached skill level 5 in Maces & Flails
 15283 | Lair:4   | Found a staircase to the Slime Pits.
 15283 | Lair:4   | Found a viscous altar of Jiyva.
 15302 | Lair:4   | Reached skill level 5 in Ranged Weapons
 15432 | Lair:4   | Found a dark tunnel.
 15438 | Volcano  | Entered a volcano
 15505 | Volcano  | Reached skill level 6 in Maces & Flails
 15557 | Volcano  | Gained mutation: You cannot be stealthy. [Ru sacrifice]
 15557 | Volcano  | Reached ****** piety under Ru
 16526 | Lair:5   | Entered Level 5 of the Lair of Beasts
 16555 | Lair:5   | Reached skill level 7 in Maces & Flails
 16559 | Lair:5   | You add the spells Ozocubu's Armour and Ozocubu's
                  | Refrigeration to your library.
 16593 | Lair:5   | Reached skill level 20 in Fighting
 16611 | Lair:5   | Reached skill level 6 in Ranged Weapons
 16760 | Lair:5   | Reached skill level 8 in Maces & Flails
 17411 | Lair:5   | Reached skill level 9 in Maces & Flails
 17578 | Lair:5   | Identified the +4 trident of Gloom {drain, rElec}
 18181 | Orc:1    | Entered Level 1 of the Orcish Mines
 18409 | Orc:2    | Entered Level 2 of the Orcish Mines
 18409 | Orc:2    | Noticed Jorgrun
 18438 | Orc:1    | Killed Jorgrun
 18439 | Orc:1    | Reached skill level 7 in Ranged Weapons
 18447 | Orc:2    | Noticed Urug
 18462 | Orc:1    | Killed Urug
 18472 | Orc:1    | I - a +4 double sword {longrare=g}
 18474 | Orc:1    | You drop a +4 double sword {longrare=g}.
 18678 | Orc:2    | Found Buddihog's Antique Weapon Shoppe.
 18705 | Orc:2    | Paralysed by an orc sorcerer for 2 turns
 18718 | Orc:2    | Reached XP level 15. HP: 157/157 MP: 14/14
 18725 | Orc:2    | Found Feceeff's General Store.
 18740 | Orc:2    | Reached skill level 10 in Maces & Flails
 18744 | Orc:2    | Paralysed by an orc sorcerer for 2 turns
 18927 | Orc:2    | Found a staircase to the Elven Halls.
 19097 | Orc:2    | a two-headed ogre comes into view. It is wielding the +10
                  | dark maul {vorpal} and a +2 vorpal dire flail.
 19106 | Orc:2    | Reached skill level 21 in Fighting
 19347 | Orc:2    | Found Qofuurri's Magic Scroll Shop.
 19367 | Orc:2    | Bought a scroll of identify for 28 gold pieces
 19367 | Orc:2    | Bought a scroll of identify for 28 gold pieces
 19367 | Orc:2    | Bought a scroll of identify for 28 gold pieces
 19372 | Orc:2    | Found Coghij's Distillery.
 19378 | Orc:2    | Paralysed by an orc sorcerer for 5 turns
 19404 | Orc:2    | Bought a potion of curing for 36 gold pieces
 19404 | Orc:2    | Bought a potion of heal wounds for 60 gold pieces
 19404 | Orc:2    | Bought a potion of resistance for 120 gold pieces
 19476 | Orc:1    | Noticed Sonja
 19487 | Orc:2    | Killed Sonja
 19758 | Orc:1    | Found a runed translucent door.
 19760 | Orc:1    | Found a shimmering altar of Xom.
 19760 | Orc:1    | Noticed PorkyPig's ghost (journeyman HOMo)
 19887 | Orc:1    | Killed PorkyPig's ghost
 19892 | Orc:1    | Got the Verses on Attendants
 20039 | Elf:1    | Entered Level 1 of the Elven Halls
 20049 | Elf:1    | Reached skill level 11 in Maces & Flails
 20053 | Elf:1    | Reached skill level 8 in Ranged Weapons
 20162 | Elf:1    | HP: 39/158 [poisoned by a +2 short sword of venom]
 20391 | Elf:1    | HP: 37/158 [deep elf zephyrmancer/bolt of lightning (23)]
 20396 | Elf:1    | HP: 39/158 [deep elf zephyrmancer/+0 long sword (3)]
 20638 | Elf:1    | Identified the +9 long sword "Afoj" {freeze, SInv Stlth+}
 20787 | Elf:1    | Found Ytielimi's Antique Weapon Shoppe.
 20877 | Elf:1    | Reached skill level 12 in Maces & Flails
 21120 | Elf:1    | HP: 35/160 [deep elf zephyrmancer/bolt of lightning (21)]
 21130 | Elf:1    | HP: 20/160 [deep elf zephyrmancer/bolt of lightning (24)]
 21339 | Elf:1    | Reached skill level 22 in Fighting
 21529 | Elf:1    | Paralysed by an air elemental for 1 turns
 21534 | Elf:1    | Paralysed by an air elemental for 1 turns
 21540 | Elf:1    | Reached skill level 9 in Ranged Weapons
 21969 | Elf:1    | Reached skill level 4 in Armour
 22332 | Elf:2    | Reached skill level 13 in Maces & Flails
 22334 | Elf:2    | You add the spells Blink and Manifold Assault to your
                  | library.
 22528 | Elf:2    | Reached XP level 16. HP: 61/169 MP: 15/15
 23069 | Elf:2    | Reached skill level 5 in Armour
 23138 | Elf:2    | Found a runed translucent gate.
 23139 | Elf:2    | Found a runed translucent gate.
 23139 | Elf:2    | Found a runed translucent gate.
 23242 | Elf:2    | Found a runed translucent gate.
 23243 | Elf:2    | Found a runed translucent gate.
 23244 | Elf:2    | Noticed tizbic2's ghost (adept GrFi)
 23245 | Elf:2    | Found a runed translucent gate.
 23245 | Elf:2    | Noticed an acid blob
 23248 | Elf:2    | Found a viscous altar of Jiyva.
 23447 | Elf:2    | Reached skill level 14 in Maces & Flails
 23456 | Elf:2    | HP: 32/170 [deep elf zephyrmancer/bolt of lightning (25)]
 23457 | Elf:2    | HP: 11/170 [deep elf zephyrmancer/bolt of lightning (21)]
 23489 | Elf:2    | HP: 40/171 [+2 vampiric executioner's axe (8)]
 23939 | Elf:2    | a +2 vampiric executioner's axe {axerare=g}; a +0 scimitar
                  | {long}; a +0 leather armour
 23939 | Elf:2    | a +2 vampiric executioner's axe {axerare=g}; a +0 scimitar
                  | {long}; a +0 leather armour
 23939 | Elf:2    | Could not pick up a +2 vampiric executioner's axe
                  | {axerare=g} here; ([A]lways) ignore it?
 23939 | Elf:2    | Could not pick up a +2 vampiric executioner's axe
                  | {axerare=g} here; ([A]lways) ignore it?
 23964 | Elf:2    | Reached skill level 6 in Armour
 24061 | Elf:2    | Reached skill level 23 in Fighting
 24585 | Elf:2    | Lost mutation: Your muscles are strong. (Str +4, Int/Dex
                  | -1) [potion of mutation]
 24585 | Elf:2    | Lost mutation: Your body sometimes deteriorates upon taking
                  | damage. [potion of mutation]
 24585 | Elf:2    | Gained mutation: You have sharp toenails. [potion of
                  | mutation]
 24587 | Elf:3    | Entered Level 3 of the Elven Halls
 25172 | Elf:3    | Reached skill level 15 in Maces & Flails
 25238 | Elf:3    | Reached skill level 7 in Armour
 25249 | Elf:3    | Noticed a Hell Sentinel
 25249 | Elf:3    | Noticed a deep elf blademaster
 25252 | Elf:3    | You cannot teleport because you are wearing the +14 crystal
                  | plate armour "Bacabunn" {-Tele Slay+4 SInv, rare=g}.
 25252 | Elf:3    | You cannot blink because you are wearing the +14 crystal
                  | plate armour "Bacabunn" {-Tele Slay+4 SInv, rare=g}.
 25274 | Elf:3    | Noticed a deep elf blademaster
 25274 | Elf:3    | Noticed a deep elf master archer
 25282 | Elf:3    | Killed a deep elf blademaster
 25286 | Elf:3    | Noticed a Tzitzimitl
 25290 | Elf:3    | HP: 42/172 [deep elf blademaster/+0 rapier (6)]
 25299 | Elf:3    | HP: 28/172 [deep elf blademaster/+0 rapier (8)]
 25304 | Elf:3    | Killed a deep elf blademaster
 25305 | Elf:3    | HP: 39/172 [???[a deep elf demonologist] (24)]
 25307 | Elf:3    | HP: 4/167 [deep elf master archer/arrow (26)]
 25308 | Elf:3    | Killed a deep elf master archer
 25339 | Elf:3    | Killed a ghostly deep elf blademaster
 25341 | Elf:3    | HP: 24/166 [deep elf annihilator/iron shot (40)]
 25343 | Elf:3    | Killed from afar by a ghostly deep elf annihilator

Vanquished Creatures
  Jorgrun (Orc:1)
  2 deep elf blademasters (Elf:3)
  A frost giant (IceCv)
  A deep elf sorcerer (Elf:2)
  2 deep elf demonologists
  A dire elephant (Lair:5)
  Josephine (D:11)
  The ghost of PorkyPig the Spear-Bearer, a journeyman HOMo of Nemelex Xobeh (Orc:1)
  7 hydras
  A boulder beetle (D:12)
  A merfolk avatar (Lair:5)
  30 dancing weapons
  9 death yaks
  6 two-headed ogres
  Urug (Orc:1)
  2 orc high priests
  Amaemon (D:10)
  16 deep elf knights
  Sonja (Orc:2)
  6 skeletal warriors
  9 deep elf archers
  A wizard (D:12)
  A sea snake (Lair:5)
  4 orc knights
  Pikel (D:5)
  An anaconda skeleton (Volcano)
  2 harpies (Lair:5)
  2 lindwurms (Lair:4)
  35 deep elf zephyrmancers
  20 deep elf pyromancers
  2 ugly things
  A cyclops (D:11)
  13 orc sorcerers
  A cyclops (shapeshifter) (Elf:3)
  A manticore (Lair:5)
  3 elephants (Lair:5)
  6 black mambas
  4 molten gargoyles (D:12)
  An orange demon (D:10)
  An ice statue (IceCv)
  16 cane toads
  5 gargoyles
  2 rime drakes (D:12)
  4 komodo dragons
  2 tengu conjurers (D:9)
  4 trolls
  4 wind drakes (Lair:5)
  14 polar bears
  A hornet (D:9)
  24 blink frogs
  7 dream sheep (Lair:5)
  2 harpy skeletons (Volcano)
  3 flying skulls (Volcano)
  An air elemental (Elf:1)
  3 alligator skeletons (Volcano)
  2 water elementals (Elf:3)
  2 vampires
  Sigmund (D:3)
  8 wraiths
  3 wyverns
  A shadow (D:10)
  55 yaks
  A fire elemental (Elf:1)
  4 steam dragons
  Grum (D:10)
  7 vampire mosquitoes (D:12)
  A swamp worm (Lair:2)
  An acid dragon (shapeshifter) (Elf:1)
  9 wargs
  An acid dragon (D:12)
  12 water moccasins
  13 orc warriors
  A sky beast (D:7)
  2 ice beasts
  5 black bears
  28 wolves
  2 centaurs
  4 lemures (D:5)
  6 ogres
  2 phantoms (D:5)
  A kobold brigand (D:8)
  8 bullfrogs
  A gnoll sergeant (D:10)
  A necrophage (D:5)
  A scorpion (D:7)
  4 earth elementals
  8 wights
  14 killer bees
  A spriggan skeleton (Volcano)
  3 troll skeletons (Volcano)
  A howler monkey (D:10)
  2 electric eels
  6 hounds
  A centaur zombie (D:8)
  A jelly (D:8)
  19 orc priests
  Crazy Yiuf (D:2)
  4 iguanas
  30 orc wizards
  7 hell rats (Lair:1)
  A killer bee zombie (D:8)
  A naga skeleton (Volcano)
  3 adders
  A river rat (D:3)
  10 gnolls
  2 white imps
  An ufetubus (D:4)
  2 worms
  4 dart slugs
  84 orcs
  6 bats
  10 endoplasms
  8 giant cockroaches
  6 goblins
  5 hobgoblins
  4 jackals
  3 quokkas
  5 ball pythons
  4 frilled lizards
  8 kobolds
  8 rats
  A bush (Elf:1)
  A pillar of salt (Elf:1)
756 creatures vanquished.

Vanquished Creatures (collateral kills)
  A kobold brigand (D:8)
  A white imp (D:8)
  2 kobolds (D:8)
4 creatures vanquished.

Vanquished Creatures (others)
  A deep elf master archer (Elf:3)
  2 deep elf elementalists (Elf:3)
  3 deep elf annihilators
  A catoblepas (Lair:4)
  2 dancing weapons
  A death yak (IceCv)
  4 deep elf knights
  A skeletal warrior (D:11)
  4 deep elf zephyrmancers
  A cane toad (Lair:5)
  A wraith (D:11)
  A yak (IceCv)
  An orc wizard (Orc:2)
  5 orcs (Orc:2)
  A bush (Elf:2)
  14 fungi
  13 pillars of salt (Elf:1)
  28 plants
84 creatures vanquished.

Grand Total: 844 creatures vanquished

Table legend:
 A = Non-vault XP
 B = Vault XP
 C = Vault XP percentage of total XP
 D = Non-vault monster count
 E = Vault monster count
 F = Vault count percentage of total count
                 A         B        C        D         E       F
            +---------+---------+-------+---------+---------+-------
      Total |   95846 |  103256 |  51.9 |     465 |     300 |  39.2
            +---------+---------+-------+---------+---------+-------
        D:1 |      33 |       0 |   0.0 |      17 |       0 |   0.0
        D:2 |      42 |      48 |  53.3 |      23 |       5 |  17.9
        D:3 |      69 |     237 |  77.5 |      11 |       8 |  42.1
        D:4 |      97 |       0 |   0.0 |      19 |       0 |   0.0
        D:5 |     756 |     666 |  46.8 |      16 |       2 |  11.1
        D:6 |    1114 |       0 |   0.0 |      27 |       0 |   0.0
        D:7 |     768 |     181 |  19.1 |      11 |       5 |  31.2
        D:8 |    1081 |     191 |  15.0 |      29 |       5 |  14.7
        D:9 |    3910 |     683 |  14.9 |      26 |       2 |   7.1
       D:10 |    2287 |    1810 |  44.2 |      14 |       7 |  33.3
       D:11 |    5670 |    2212 |  28.1 |      20 |      13 |  39.4
       D:12 |    4598 |    2280 |  33.1 |      13 |      13 |  50.0
     Lair:1 |    7198 |    1008 |  12.3 |      37 |       3 |   7.5
     Lair:2 |    4966 |    2737 |  35.5 |      18 |       6 |  25.0
     Lair:3 |    5070 |    1171 |  18.8 |      22 |       5 |  18.5
     Lair:4 |    3350 |    1222 |  26.7 |      10 |       2 |  16.7
     Lair:5 |   10989 |    7423 |  40.3 |      32 |      19 |  37.3
      Orc:1 |    2420 |    4243 |  63.7 |      23 |       4 |  14.8
      Orc:2 |    1728 |   12599 |  87.9 |      19 |      61 |  76.2
      Elf:1 |   20163 |   11512 |  36.3 |      42 |      20 |  32.3
      Elf:2 |   13145 |   25239 |  65.8 |      24 |      35 |  59.3
      Elf:3 |    6392 |    5985 |  48.4 |      12 |       6 |  33.3
      Sewer |       0 |     147 | 100.0 |       0 |       2 | 100.0
      IceCv |       0 |   16193 | 100.0 |       0 |      57 | 100.0
    Volcano |       0 |    5469 | 100.0 |       0 |      20 | 100.0
            +---------+---------+-------+---------+---------+-------

Illustrated notes

Table legend:
 A = Kills in this place as a percentage of kills in entire the game.
 B = Kills by you in this place as a percentage of kills by you in the entire game.
 C = Kills by friends in this place as a percentage of kills by friends in the entire game.
 D = Other kills in this place as a percentage of other kills in the entire game.
 E = Experience gained in this place as a percentage of experience gained in the entire game.
 F = Experience gained in this place divided by the number of levels of this place that you have seen.
                   A       B       C       D       E      F
               +-------+-------+-------+-------+-------+----------------------
         Total | 100.0 | 100.0 | 100.0 | 100.0 | 100.0 | 7374.1
       Dungeon |  37.4 |  37.4 | 100.0 |  16.7 |  14.4 | 2210.2
          Lair |  20.1 |  20.4 |   0.0 |   8.3 |  22.7 | 9026.8
  Orcish Mines |  14.0 |  14.3 |   0.0 |   0.0 |  10.5 | 10495.0
   Elven Halls |  18.2 |  17.6 |   0.0 |  58.3 |  41.4 | 27478.7
         Sewer |   0.3 |   0.3 |   0.0 |   0.0 |   0.1 | 147.0
      Ice Cave |   7.5 |   7.3 |   0.0 |  16.7 |   8.1 | 16193.0
       Volcano |   2.6 |   2.7 |   0.0 |   0.0 |   2.7 | 5469.0
               +-------+-------+-------+-------+-------+----------------------

Table legend: (Time is in decaauts)
 A = Elapsed time spent in this place.
 B = Non-inter-level travel time spent in this place.
 C = Inter-level travel time spent in this place.
 D = Time resting spent in this place.
 E = Time spent auto-exploring this place.
 F = Levels seen in this place.
 G = Mean time per level.
                   A        B        C        D        E       F      G
               +--------+--------+--------+--------+--------+-----+--------+
         Total |  25482 |  24740 |    742 |   2641 |  14966 |  27 |  943.8 |
       Dungeon |  11538 |  11158 |    380 |    321 |   8304 |  13 |  887.5 |
        Temple |    210 |    210 |      0 |    147 |      0 |   1 |  210.0 |
          Lair |   5280 |   4982 |    298 |      0 |   3548 |   5 | 1056.0 |
  Orcish Mines |   1835 |   1798 |     37 |    184 |   1019 |   2 |  917.5 |
   Elven Halls |   5378 |   5351 |     27 |   1969 |   1723 |   3 | 1792.7 |
         Sewer |    224 |    224 |      0 |      0 |    152 |   1 |  224.0 |
      Ice Cave |    483 |    483 |      0 |      0 |      0 |   1 |  483.0 |
       Volcano |    531 |    531 |      0 |     20 |    219 |   1 |  531.0 |
               +--------+--------+--------+--------+--------+-----+--------+

Top non-repeatable levels by time:
   Elf:2: 2574 daAuts
   Elf:1: 2285 daAuts
  Lair:5: 1487 daAuts
     D:6: 1298 daAuts
   Orc:2: 1239 daAuts
     D:7: 1204 daAuts
  Lair:4: 1125 daAuts
     D:3: 1115 daAuts
     D:8: 1083 daAuts
  Lair:2: 1076 daAuts
     D:2: 1054 daAuts
    D:11: 990 daAuts
     D:9: 943 daAuts
    D:10: 940 daAuts
     D:5: 897 daAuts
